 Dungeon Crawl Stone Soup version 0.15-a0-1253-g15b4f57 (webtiles) character file.

202 Psiweapon the Bolt Thrower (level 6, -2/34 HPs)
             Began as a Kobold Hunter on June 4, 2014.
             Slain by Prince Ribbit (9 damage)
             ... on Level 4 of the Dungeon.
             The game lasted 00:08:15 (2170 turns).

Psiweapon the Bolt Thrower (Kobold Hunter)          Turns: 2170, Time: 00:08:15

HP  -2/34        AC  8     Str 16      XL: 6   Next:  8%
MP   6/6         EV 15     Int  9      God:
Gold 134         SH  0     Dex 18      Spells:  0 memorised,  5 levels left

rFire  . . .     SeeInvis .     b - +1 crossbow
rCold  . . .     Clarity  .     d - +0 leather armour
rNeg   . . .     rCorr    .     (no shield)
rPois  .         rRot     .     (no helmet)
rElec  .         Spirit   .     (no cloak)
SustAb .         Warding  .     (no gloves)
rMut   .         Stasis   .     (no boots)
Gourm  .                        (no amulet)
MR     .....                    (no ring)
                                j - +5 ring of protection

@: mighty, not resistant to hostile enchantments, fairly stealthy
A: carnivore 3
a: no special abilities


You were on level 4 of the Dungeon.
You were very full.

You visited 1 branch of the dungeon, and saw 4 of its levels.

You collected 134 gold pieces.

Inventory:

Hand weapons
 a - a +0,+0 short sword
 b - a +1,+1 crossbow (weapon)
Missiles
 c - 61 bolts (quivered)
 e - 2 poisoned needles
Armour
 d - a +0 leather armour (worn)
Comestibles
 f - a meat ration
 o - a royal jelly
 q - 2 slices of pizza
 r - a beef jerky
Scrolls
 g - 2 scrolls of random uselessness {unknown}
 h - 4 scrolls of remove curse
 i - 3 scrolls of teleportation {unknown}
 l - a scroll of magic mapping
 p - 2 scrolls of noise {unknown}
 t - a scroll of identify
 w - a scroll of amnesia {unknown}
Jewellery
 j - a +5 ring of protection (left hand)
 k - an uncursed amulet of inaccuracy
 m - an uncursed ring of fire
Potions
 s - a potion of heal wounds {unknown}


   Skills:
 - Level 1.1 Fighting
 + Level 7.1 Crossbows
 - Level 0.4 Armour
 + Level 3.7 Dodging
 + Level 3.2 Stealth


You had 5 spell levels left.
You didn't know any spells.

Dungeon Overview and Level Annotations

Branches:
Dungeon (4/15)
 Temple: D:4-7

Altars:
Gozag
Okawaru
Sif Muna

Annotations:
D:3 1010011010's ghost, average HOAK
D:4 Prince Ribbit


Innate Abilities, Weirdness & Mutations

You are small and have problems with some larger weapons.
You are carnivorous and can eat meat at any time.


Message History

Aim: Prince Ribbit (lightly wounded)
You shoot a bolt.
Prince Ribbit momentarily phases out as the bolt passes through him.
Prince Ribbit hops awkwardly around.
Prince Ribbit hits you!
* * * LOW HITPOINT WARNING * * *
Firing (i - inventory):
c - 63 bolts (quivered)
Press: ? - help, Shift-Dir - straight line, f/p - Prince Ribbit
Aim: Prince Ribbit (lightly wounded)
You shoot a bolt.
Prince Ribbit momentarily phases out as the bolt passes through him.
Prince Ribbit blinks!
Firing (i - inventory):
c - 62 bolts (quivered)
Press: ? - help, Shift-Dir - straight line, f/p - Prince Ribbit
Aim: Prince Ribbit (lightly wounded)
You shoot a bolt. The bolt closely misses Prince Ribbit.
Drink which item? (? for menu, Esc to quit)
You feel very mighty all of a sudden.
It was a potion of might.
Prince Ribbit hits you!
You die...

##.....##.##......#
##...###.##.###.##
##'## #.##.# #.#
#.# #.##.# #.# #.#
#..... ..# ##.##
###.(# ###
##...######(#
#.#####........##F#
...........###..@.#
#.#######.## ######
###


You could see Prince Ribbit.

Vanquished Creatures
  An iguana (D:4)
  2 orc wizards (D:3)
  A hound skeleton (D:4)
  5 adders
  2 giant geckos
  2 orcs (D:3)
  5 bats
  2 giant cockroaches (D:1)
  4 goblins
  5 hobgoblins
  4 jackals
  8 kobolds
  4 ball pythons (D:2)
  7 giant newts
  An orc skeleton (D:4)
  9 rats
62 creatures vanquished.

Notes
Turn   | Place    | Note
--------------------------------------------------------------
     0 | D:1      | Psiweapon, the Kobold Hunter, began the quest for the Orb.
     0 | D:1      | Reached XP level 1. HP: 12/12 MP: 1/1
    13 | D:2      | Reached skill level 5 in Crossbows
    66 | D:3      | Reached XP level 2. HP: 13/16 MP: 2/2
   168 | D:3      | Found a deep blue altar of Sif Muna.
   169 | D:3      | Found an opulent altar of Gozag.
   252 | D:2      | Reached XP level 3. HP: 20/20 MP: 3/3
   276 | D:2      | Reached skill level 6 in Crossbows
   444 | D:3      | Noticed an orc wizard
   447 | D:3      | Noticed an orc wizard
   449 | D:2      | Reached XP level 4. HP: 25/25 MP: 4/4
  1077 | D:1      | Found an iron altar of Okawaru.
  1673 | D:2      | Reached XP level 5. HP: 29/29 MP: 5/5
  1841 | D:3      | Killed an orc wizard
  1918 | D:4      | Reached skill level 7 in Crossbows
  1983 | D:3      | Killed an orc wizard
  2009 | D:3      | Noticed 1010011010's ghost (average HOAK)
  2041 | D:4      | Reached XP level 6. HP: 28/34 MP: 6/6
  2163 | D:4      | Noticed Prince Ribbit
  2170 | D:4      | Slain by Prince Ribbit

Action                   |  1- 3 |  4- 6 || total
-------------------------+-------+-------++-------
 Fire: Crossbow          |    50 |   118 ||   168
  Use: Scroll            |     3 |     1 ||     4
       Potion            |       |     1 ||     1
